cohdb
Replays
Latest Replays
All Replays
Popular Replays
Top Player Replays
Match Explorer
How It Works
Community
CoH3 Stats
Reddit
Sign in to upload your games and track your stats! →
Sign in with Steam
Match 21004351
Unlisted
Match 21004351
Overview
Messages
Build Orders
End
Selects Australian Defense Battlegroup
Selects Australian Light Infantry Section
Australian Light Infantry Section
Construct Section Command Post
Australian Light Infantry Section
Selects Defensive Tactics
Construct Platoon Command Post
Australian Light Infantry Section
Selects CMP 15cwt Supply Run
6-pounder Anti-tank Gun Team
MR.DOGO-YT
nosepas
Canario_guerrero
TheWolf [ESP]
Walther
Snafu(PL)
Frost
Otto Skorzeny
0
0
Comments
sign in to comment!
No comments posted yet!